 Dungeon Crawl Stone Soup version 0.23-a0-448-g1c01f63 (webtiles) character file.

8629 Lavandula the Cleaver (level 11, -6/94 HPs)
             Began as a Naga Air Elementalist on Nov 20, 2018.
             Was a Believer of Ru.
             Mangled by a yak (14 damage)
             ... on level 11 of the Dungeon.
             The game lasted 00:47:39 (6826 turns).

Lavandula the Cleaver (Naga Air Elementalist)       Turns: 6826, Time: 00:47:40

Health: -6/94      AC:  6    Str: 10 (13) XL:     11   Next: 33%
Magic:  15/15      EV: 12    Int: 15 (17) God:    Ru [**....]
Gold:   369        SH:  0    Dex: 16      Spells: 5/16 levels left

rFire    . . .     SeeInvis +   y - +11 trident of Gupops {freeze, rElec rPois}
rCold    . . .     Gourm    .   (no shield)
rNeg     . . .     Faith    .   I - +2 robe "Vosyqoilub" {Dex+5 SInv Stlth-}
rPois    +         Spirit   .   (no helmet)
rElec    +         Reflect  .   (no cloak)
rCorr    +         Harm     .   (no gloves)
MR       +....                  (no barding)
Stlth    +.........             (no amulet)
HPRegen  0.25/turn              j - ring of resist corrosion
MPRegen  0.14/turn              (no ring)

@: very slow
A: large, see invisible, deformed body, poison resistance, slowness 2, slow
metabolism 1, spit poison 1, inability to use devices, AC +3
a: Spit Poison, Renounce Religion


You were on level 11 of the Dungeon.
You worshipped Ru.
Ru was pleased with you.
You were not hungry.

You visited 2 branches of the dungeon, and saw 12 of its levels.
You also visited: Sewer and Ossuary.

You collected 549 gold pieces.
You spent 180 gold pieces at shops.

Inventory:

Hand Weapons
 n - a +0 hand axe
 o - a +0 spear
 y - the +11 trident of Gupops (weapon) {freeze, rElec rPois}
   (You found it in an ossuary)

   It has been specially enchanted to freeze those struck by it, causing extra
   injury to most foes and up to half again as much damage against particularly
   susceptible opponents.
   It can also slow down cold-blooded creatures.
   It insulates you from electricity.
   It protects you from poison.
 J - a +2 battleaxe of flaming
Missiles
 h - a throwing net
 R - 8 silver javelins (quivered)
Armour
 a - a +0 robe
 k - a +1 scale mail of fire resistance
 F - a +0 crystal plate armour
 I - the +2 robe "Vosyqoilub" (worn) {Dex+5 SInv Stlth-}
   (You found it on level 6 of the Dungeon)

   It affects your dexterity (+5).
   It lets you see invisible.
   It makes you less stealthy.
 K - a -2 leather armour
 Q - a +0 shield
Jewellery
 j - a ring of resist corrosion (left hand)
 p - an uncursed ring of see invisible {unknown}
Scrolls
 b - a scroll of fog
 d - 5 scrolls of remove curse
 e - a scroll of random uselessness
 f - a scroll of immolation {unknown}
 g - 8 scrolls of identify {unknown}
 m - 2 scrolls of magic mapping
 r - 3 scrolls of teleportation
 t - a scroll of enchant weapon {unknown}
 B - 3 scrolls of enchant armour {unknown}
 L - a scroll of noise {unknown}
 P - 3 scrolls of vulnerability {unknown}
Potions
 i - 3 potions of might
 l - 2 potions of lignification
 q - a potion of magic
 s - 2 potions of cancellation
 u - 2 potions of curing
 v - a potion of resistance {unknown}
 w - 6 potions of haste
 x - 2 potions of agility
 z - a potion of heal wounds
 A - 3 potions of degeneration
 D - a potion of mutation {unknown}
 H - a potion of ambrosia {unknown}
 S - a potion of brilliance
Comestibles
 c - 25 rations
 C - 5 chunks of flesh


   Skills:
 - Level 5.0 Fighting
 + Level 12.1(12.7) Axes
 - Level 6.9(10.4) Polearms
 - Level 3.4 Armour
 - Level 3.8 Dodging
 - Level 3.0 Stealth
 - Level 3.1 Spellcasting
 - Level 1.0 Conjurations
 - Level 5.9 Air Magic


You had 5 spell levels left.
You knew the following spells:

 Your Spells              Type           Power        Failure   Level  Hunger
a - Shock                 Conj/Air       ##..         4%          1    #......
b - Swiftness             Chrm/Air       ##......     9%          2    ##.....
c - Static Discharge      Conj/Air       ##......     14%         3    ###....
d - Apportation           Tloc           #.....       21%         1    #......
e - Airstrike             Air            ###.......   17%         4    #####..

Your spell library contained the following spells:

 Spells                   Type           Power        Failure   Level  Hunger
 Flame Tongue             Conj/Fire      #....        16%         1    #......
 Animate Skeleton         Necr           N/A          21%         1    #......
 Confusing Touch          Hex            #.....       21%         1    #......
 Summon Small Mammal      Summ           #...         21%         1    #......
 Throw Flame              Conj/Fire      #.....       24%         2    ##.....
 Conjure Flame            Conj/Fire      #.......     43%         3    ###....
 Inner Flame              Hex/Fire       #.......     52%         3    ###....
 Lightning Bolt           Conj/Air       ##........   78%         5    ######.
 Sticky Flame             Conj/Fire      #.......     85%         4    #####..
 Fireball                 Conj/Fire      #.........   99%         5    ######.


Dungeon Overview and Level Annotations

Branches:
Dungeon (11/15)            Temple (1/1) D:7
   Lair: D:8-11         Orc: D:9-12

Altars:
Ashenzari
Dithmenos
Elyvilon
Fedhas
Gozag
Kikubaaqudgha
Makhleb
Nemelex Xobeh
Okawaru
Qazlal
Ru
Uskayaw
Vehumet
Wu Jian
Xom
Zin
The Shining One

Shops:
D:7 !

Annotations:
D:6 Dowan, Duvessa


Innate Abilities, Weirdness & Mutations

You cannot wear boots.
Your serpentine skin is tough. (AC +3)
You have supernaturally acute eyesight. (SInv)
Armour fits poorly on your strangely shaped body.
Your system is resistant to poisons. (rPois)
You cover ground very slowly.
You have a slow metabolism.
You can spit poison.
You cannot study or use magical devices.


Message History

The yak closely misses you. The yak gores you.
Unknown command.
You barely miss the yak.
The yak is heavily wounded.
The yak gores you!
* * * LOW HITPOINT WARNING * * *
Unknown command.
You impale the yak!! You freeze the yak!
You kill the yak!
The yak barely misses you.
Unknown command.
You hit the yak but do no damage.
The yak is moderately wounded.
The yak gores you!
* * * LOW HITPOINT WARNING * * *
Unknown command.
You puncture the yak! You freeze the yak.
The yak is heavily wounded.
The yak gores you!
You die...

...........##
.#
..>.........###
.#
........>.....
.#
............#
.#
............#
####†#####
............#
#.......)#
.......<...#
#........#
....#o....##
#†.......# o
#######
#@.[.....#
#.Y......#
##....####
#.##.# ..# .#
.## .# #: .. #.


You could see a yak.

Vanquished Creatures
  Erica (D:9)
  Psyche (D:9)
  Grinder (D:3)
  Prince Ribbit (D:7)
  2 hippogriffs
  A hornet (D:7)
  3 hogs (D:7)
  A hungry ghost (D:10)
  A human (D:7)
  14 yaks
  Edmund (D:5)
  A water moccasin (D:10)
  3 orc warriors
  A sky beast (D:10)
  A black bear (D:6)
  A phantom (D:6)
  4 ogres
  3 centaurs
  2 big kobolds (D:10)
  7 bullfrogs
  2 gnoll sergeants (D:7)
  A water moccasin zombie (Ossuary)
  2 wyvern skeletons
  A scorpion (D:5)
  3 killer bees (D:10)
  2 howler monkeys
  2 crimson imps (D:6)
  A centaur zombie (D:8)
  2 jellies
  2 centaur skeletons
  6 hounds
  A gnoll shaman (D:7)
  6 orc priests
  6 orc wizards
  3 iguanas
  6 worker ants
  2 big kobold zombies (Ossuary)
  A hound zombie (D:5)
  2 mummies (Ossuary)
  A worker ant zombie (D:5)
  14 gnolls
  12 adders
  A shadow imp (D:10)
  3 oozes
  6 adder zombies
  An adder skeleton (D:4)
  3 worms (D:2)
  A dart slug (D:1)
  4 leopard geckos
  24 orcs
  A bat skeleton (D:2)
  9 giant cockroaches
  A gnoll zombie (Ossuary)
  9 goblins
  13 hobgoblins
  20 jackals
  25 kobolds
  7 quokkas
  8 ball pythons
  7 bats
  3 frilled lizards
  A giant cockroach zombie (D:6)
  4 hobgoblin zombies (Ossuary)
  A jackal skeleton (D:5)
  4 kobold zombies (Ossuary)
  6 orc zombies (Ossuary)
  5 rats
  A plant (Sewer)
296 creatures vanquished.

Vanquished Creatures (others)
  A yak (D:10)
  An adder zombie (Ossuary)
  A gnoll zombie (Ossuary)
  A hobgoblin zombie (Ossuary)
  2 plants (Sewer)
6 creatures vanquished.

Grand Total: 302 creatures vanquished

Notes
Turn   | Place    | Note
-------+----------+-------------------------------------------
     0 | D:1      | Lavandula the Naga Air Elementalist began the quest for the
                  | Orb.
     0 | D:1      | Reached XP level 1. HP: 15/15 MP: 3/3
   101 | D:1      | Reached XP level 2. HP: 12/22 MP: 0/5
   311 | D:1      | Learned a level 2 spell: Swiftness
   423 | D:1      | Reached XP level 3. HP: 28/28 MP: 5/7
   809 | D:2      | Reached XP level 4. HP: 25/36 MP: 1/8
  1138 | D:3      | Found a glowing drain.
  1151 | D:3      | Reached XP level 5. HP: 36/42 MP: 7/9
  1183 | Sewer    | Entered a sewer
  1386 | Sewer    | Reached skill level 5 in Air Magic
  1723 | D:3      | Found a burning altar of Makhleb.
  1723 | D:3      | Found a hide-covered altar of Uskayaw.
  1729 | D:3      | Found a glowing golden altar of the Shining One.
  1841 | D:4      | Reached XP level 6. HP: 14/49 MP: 4/10
  1846 | D:4      | Learned a level 3 spell: Static Discharge
  1875 | D:4      | Found a radiant altar of Vehumet.
  1895 | D:4      | Found a sand-covered staircase.
  1910 | Ossuary  | Entered an ossuary
  2000 | Ossuary  | Reached skill level 1 in Fighting
  2772 | Ossuary  | Got a crude trident
  2773 | Ossuary  | Identified the +11 trident of Gupops {freeze, rElec rPois}
                  | (You found it in an ossuary)
  2774 | Ossuary  | ok, we're livin
  2800 | D:4      | Reached skill level 1 in Polearms
  2863 | D:5      | Entered Level 5 of the Dungeon
  2883 | D:4      | Learned a level 1 spell: Apportation
  2917 | D:4      | Reached XP level 7. HP: 53/61 MP: 8/11
  2970 | D:3      | Found a stormy altar of Qazlal.
  2971 | D:3      | Found an ancient bone altar of Kikubaaqudgha.
  3053 | D:3      | Noticed Grinder
  3069 | D:3      | Paralysed by Grinder for 6 turns
  3078 | D:3      | Killed Grinder
  3237 | D:5      | Reached skill level 5 in Polearms
  3241 | D:5      | HP: 3/61 [ogre/+0 giant club (23)]
  3242 | D:5      | Reached XP level 8. HP: 4/68 MP: 6/12
  3582 | D:5      | Noticed Edmund
  3592 | D:5      | Killed Edmund
  4053 | D:5      | Reached skill level 1 in Armour
  4148 | D:6      | Got a silken robe
  4179 | D:6      | Identified the +2 robe "Vosyqoilub" {Dex+5 SInv Stlth-}
                  | (You found it on level 6 of the Dungeon)
  4272 | D:7      | Noticed a hippogriff
  4280 | D:7      | Killed a hippogriff
  4280 | D:7      | Reached skill level 3 in Axes
  4280 | D:7      | Reached XP level 9. HP: 48/74 MP: 13/13
  4312 | D:7      | Noticed Prince Ribbit
  4322 | D:7      | Killed Prince Ribbit
  4322 | D:7      | Reached skill level 4 in Axes
  4329 | D:7      | Noticed a hornet
  4359 | D:7      | Found an opulent altar of Gozag.
  4360 | D:7      | Found a sparkling altar of Nemelex Xobeh.
  4393 | D:7      | Reached skill level 5 in Axes
  4393 | D:7      | Reached skill level 6 in Axes
  4481 | D:7      | Found Giylouqa's Distillery.
  4484 | D:7      | Bought a potion of curing for 36 gold pieces
  4484 | D:7      | Bought a potion of cancellation for 96 gold pieces
  4484 | D:7      | Bought a potion of agility for 48 gold pieces
  4495 | D:6      | Noticed Duvessa
  4495 | D:6      | Noticed Dowan
  4547 | D:6      | Reached skill level 7 in Axes
  4893 | D:7      | Reached skill level 8 in Axes
  4899 | D:7      | Killed a hornet
  4919 | D:7      | Found a staircase to the Ecumenical Temple.
  4928 | Temple   | Entered the Ecumenical Temple
  4965 | Temple   | Became a worshipper of Ru the Awakened
  5005 | D:7      | Reached XP level 10. HP: 58/82 MP: 10/14
  5073 | D:7      | Reached skill level 9 in Axes
  5409 | D:9      | Noticed Psyche
  5414 | D:9      | Killed Psyche
  5414 | D:9      | Reached skill level 10 in Axes
  5420 | D:9      | Learned a level 4 spell: Airstrike
  5447 | D:10     | Entered Level 10 of the Dungeon
  5453 | D:9      | Noticed Erica
  5459 | D:9      | Killed Erica
  5467 | D:9      | Gained mutation: You cannot study or use magical devices.
                  | [Ru sacrifice]
  5467 | D:9      | Reached * piety under Ru
  5467 | D:9      | Reached ** piety under Ru
  5493 | D:9      | Reached skill level 11 in Axes
  5654 | D:9      | Found a glowing silver altar of Zin.
  5689 | D:9      | Found a shadowy altar of Dithmenos.
  6024 | D:10     | Reached skill level 12 in Axes
  6026 | D:10     | HP: 4/82 [orc warrior/+0 halberd (17)]
  6305 | D:10     | Reached XP level 11. HP: 80/88 MP: 15/15
  6424 | D:10     | HP: 6/132 [yak (9)]
  6540 | D:11     | Noticed a purple ugly thing
  6813 | D:10     | Reached skill level 5 in Fighting
  6826 | D:11     | Mangled by a yak

Vault maps used:
D:1:      dpeg_arrival_water_temple_mockup, okawaru_ov_weapons_minmay
D:2:      minmay_recursive_quarters, grunt_ministairs_11
D:3:      lemuel_doored_altar, grunt_temple_overflow_open,
          gammafunk_temple_overflow_wave, portal_sewer_entry_f, uniq_grinder
D:4:      marbit_many_paths, nicolae_ossuary_entry_ruins, first_ration
D:5:      minmay_misc_feat_ornament, minmay_fountain_box, uniq_edmund
D:6:      uniq_duvessa
D:7:      kennysheep_housing_project, grunt_temple_overflow_opulence,
          lightli_temple_of_fire, minmay_temple_entry_waves, serial_shops,
          nicolae_shop_behind_doors, grunt_livestock, lemuel_old_faithful,
          uniq_menkaure, uniq_crazy_yiuf_cottage, uniq_prince_ribbit1
D:8:      special_room, hangedman_abyss_or_decor_lesser_grid
D:9:      kennysheep_mini, overflow_temple_1_default, uniq_erica, uniq_psyche
D:11:     dpeg_oklobed_lair
Temple:   jpeg_temple_clearing
Sewer:    sewer_co_scattered_pipes
Ossuary:  ossuary_tomb_2

Skill      XL: |  1  2  3  4  5  6  7  8  9 10 11 |
---------------+----------------------------------+-----
Spellcasting   | 3 |  3.1
Air Magic      | 4 5 |  5.9
Fighting       | 2 5 |  5.0
Polearms       | 1 5 6 |  6.9
Armour         | 3 |  3.4
Axes           | 3 8 12 | 12.1
Dodging        | 2 3 |  3.8
Stealth        | |  3.0
Conjurations   | |  1.0

Action                   |  1- 3 |  4- 6 |  7- 9 | 10-12 || total
-------------------------+-------+-------+-------+-------++-------
Melee: Unarmed           |     8 |       |       |       ||     8
       Hand axe          |       |   110 |       |       ||   110
       Trident           |       |    14 |   155 |   276 ||   445
Throw: Javelin           |       |       |       |     6 ||     6
       Throwing net      |       |       |       |     1 ||     1
 Cast: Shock             |    42 |   123 |    47 |    23 ||   235
       Airstrike         |       |       |       |     7 ||     7
Invok: Sacrifice Artific |       |       |       |     1 ||     1
 Abil: Spit Poison       |    28 |    25 |     3 |     2 ||    58
Evoke: Wand              |       |       |     2 |     3 ||     5
  Use: Scroll            |       |     5 |     1 |     1 ||     7
       Potion            |       |       |     1 |     9 ||    10
 Stab: Sleeping          |       |     1 |     1 |     2 ||     4
       Distracted        |       |     1 |       |       ||     1
       Confused          |       |       |       |     5 ||     5
  Eat: Chunk             |       |     6 |     5 |     7 ||    18
       Ration            |       |     1 |       |       ||     1
Armor: Robe              |     7 |    33 |    19 |    27 ||    86
       Scale mail        |       |       |    14 |       ||    14
       Skin              |       |       |       |     7 ||     7
Dodge: Dodged            |    18 |    85 |    58 |    86 ||   247

Table legend:
 A = Non-vault XP
 B = Vault XP
 C = Vault XP percentage of total XP
 D = Non-vault monster count
 E = Vault monster count
 F = Vault count percentage of total count
                 A         B        C        D         E       F
            +---------+---------+-------+---------+---------+-------
      Total |    8232 |    4096 |  33.2 |     197 |     100 |  33.7
            +---------+---------+-------+---------+---------+-------
        D:1 |      40 |       0 |   0.0 |      19 |       0 |   0.0
        D:2 |      88 |      30 |  25.4 |      26 |       8 |  23.5
        D:3 |      18 |     303 |  94.4 |      10 |       7 |  41.2
        D:4 |     278 |       3 |   1.1 |      16 |       1 |   5.9
        D:5 |     633 |     158 |  20.0 |      19 |       1 |   5.0
        D:6 |     768 |       0 |   0.0 |      17 |       0 |   0.0
        D:7 |     912 |    1995 |  68.6 |      14 |      36 |  72.0
        D:8 |     239 |       0 |   0.0 |       8 |       0 |   0.0
        D:9 |     676 |    1365 |  66.9 |      11 |       2 |  15.4
       D:10 |    4377 |       0 |   0.0 |      54 |       0 |   0.0
       D:11 |     203 |       0 |   0.0 |       3 |       0 |   0.0
      Sewer |       0 |      40 | 100.0 |       0 |      20 | 100.0
    Ossuary |       0 |     202 | 100.0 |       0 |      25 | 100.0
            +---------+---------+-------+---------+---------+-------
